 Dungeon Crawl Stone Soup version 0.31-a0-277-g31ea1f65cc (webtiles) character file.

Game seed: 6954086881798223439

118 Zonian the Changeling (level 5, -1/41 HPs)
             Began as a Formicid Shapeshifter on July 16, 2023.
             Slain by Grinder (10 damage)
             ... on level 3 of the Dungeon.
             The game lasted 00:05:03 (2829 turns).

Zonian the Changeling (Formicid Shapeshifter)       Turns: 2829, Time: 00:05:04

Health: -1/41      AC:  2    Str: 21    XL:     5   Next: 23%
Magic:  5/5        EV: 12    Int:  8    God:
Gold:   127        SH:  0    Dex: 14    Spells: 4/4 levels left

rFire   . .          .
                       - Unarmed
rCold   . . .        (no shield)
rNeg    . . .        a - +0 animal skin
rPois   .            (helmet unavailable)
rElec   .            (cloak currently unavailable)
rCorr   .            (gloves currently unavailable)
SInv    +            (boots currently unavailable)
Will    .....        (no amulet)
Stlth   +            (no ring)
HPRegen 0.26/turn    (no ring)
MPRegen 0.09/turn

%: no passive effects
@: beast-form
A: beast (slay +2), permanent stasis, dig shafts and tunnels, antennae 3, four
strong arms
a: Dig, Shaft Self, Begin Untransformation


You were on level 3 of the Dungeon.
You were a hulking beast.
You visited 1 branch of the dungeon, and saw 3 of its levels.

You collected 127 gold pieces.

Inventory:

Hand Weapons
 i - a +2 short sword of protection
Missiles
 h - 4 poisoned darts
Armour
 a - a +0 animal skin (worn)
 p - a +0 kite shield
Magical Staves
 k - a staff of conjuration
Jewellery
 d - a ring of protection from fire
 n - a ring of fire
 q - an amulet of the acrobat
Talismans
 c - a beast talisman
Scrolls
 e - a scroll of acquirement {unknown}
 g - 2 scrolls of fear {unknown}
 l - a scroll of poison {unknown}
 s - a scroll of fog {unknown}
 t - a scroll of noise {unknown}
 u - 2 scrolls of blinking {unknown}
Potions
 b - a potion of lignification
 f - a potion of curing {unknown}
 j - a potion of enlightenment {unknown}
 m - a potion of degeneration {unknown}
 o - a potion of resistance {unknown}
 r - a potion of brilliance {unknown}


   Skills:
 + Level 3.2 Fighting
 + Level 2.7 Dodging
 + Level 3.0 Unarmed Combat
 + Level 3.9 Shapeshifting


You had 4 spell levels left.
You didn't know any spells.
Your spell library contained the following spells:

 Spells                   Type           Power      Damage    Failure   Level
 Ensorcelled Hibernation  Hex/Ice        0%         N/A       54%         2
 Anguish                  Hex/Necr       0%         N/A       99%         4


Dungeon Overview and Level Annotations

Branches:
Dungeon (3/15)

Altars:

Annotations:
D:3 Grinder


Innate Abilities, Weirdness & Mutations

You are a hulking beast.
Your limbs bulge with bestial killing power. (Slay +2)
You cannot be hasted, slowed, berserked, paralysed or teleported.
You can dig through walls and to a lower floor.
You have a pair of large antennae on your head. (SInv)
Your four strong arms can wield two-handed weapons with a shield.


Message History

You hit the orc but do no damage.
The orc is heavily wounded.
The orc hits you with a +0 club.
You closely miss the orc.
The orc is heavily wounded.
The orc hits you with a +0 club.
You hit the orc.
You kill the orc!
No target in view!
You sense a monster nearby.
HP restored.
A hobgoblin comes into view.
Unknown command.
The hobgoblin shouts!
You hit the hobgoblin.
You kill the hobgoblin!
No target in view!
Unknown command.
You now have 120 gold pieces (gained 15).
You now have 127 gold pieces (gained 7).
You sense a monster nearby.
Grinder comes into view.
Grinder gestures at you. Pain shoots through your body!
You hit Grinder.
Grinder is lightly wounded.
Grinder closely misses you.
You hit Grinder.
Grinder is lightly wounded.
Grinder hits you.
You writhe in agony.
You hit Grinder but do no damage.
Grinder is lightly wounded.
You hit Grinder.
Grinder is moderately wounded.
Grinder hits you!
You writhe in agony.
* * * LOW HITPOINT WARNING * * *
You closely miss Grinder.
Grinder is moderately wounded.
Grinder hits you!
You die...

#####.....##.#
....########.#### .
#.............. ..
#........#...#. ...
# #.##..#..###.#
.... #.##.##..#..#
.# .....
#........#..# .#
......####.#...#..#
.. #.5h...#.###..#
.. ####+####. ####
#.# #. #. ##


You could see Grinder.

Vanquished Creatures
  3 gnolls
  2 adders (D:2)
  4 worms (D:2)
  2 dart slugs (D:2)
  An orc (D:3)
  3 endoplasms
  9 goblins
  7 hobgoblins
  2 jackals (D:2)
  5 kobolds
  4 quokkas
  5 ball pythons
  A bat (D:2)
  2 frilled lizards (D:1)
  4 rats
54 creatures vanquished.

Notes
Turn   | Place    | Note
-------+----------+-------------------------------------------
     0 | D:1      | Zonian the Formicid Shapeshifter began the quest for the
                  | Orb.
     0 | D:1      | Reached XP level 1. HP: 16/16 MP: 1/1
   136 | D:1      | Reached XP level 2. HP: 21/23 MP: 2/2
   695 | D:2      | Reached XP level 3. HP: 19/28 MP: 3/3
  1028 | D:2      | Reached XP level 4. HP: 25/34 MP: 4/4
  2163 | D:2      | Reached XP level 5. HP: 38/41 MP: 5/5
  2822 | D:3      | Noticed Grinder
  2829 | D:3      | Slain by Grinder

Illustrated notes

Levels and vault maps discovered:
D:1:      tarquinn_simple_flora_water_a, layout_loops_ring
D:2:      kennysheep_the_goblin_king, layout_basic, minivault_5
D:3:      layout_basic, amethyst_killhole, grunt_ministairs_10, uniq_grinder

Skill      XL: |  1  2  3  4  5 |
---------------+----------------+-----
Dodging        | 2 |  2.7
Fighting       | 3 |  3.2
Unarmed Combat | 3 |  3.0
Shapeshifting  | |  3.9

Action                     |  1- 3 |  4- 6 || total
---------------------------+-------+-------++-------
  Melee: Unarmed           |    85 |    87 ||   172
         Punch             |     2 |     1 ||     3
 Armour: Animal skin       |    10 |     6 ||    16
  Dodge: Dodged            |    47 |    45 ||    92

Table legend: (Time is in decaauts)
 A = Elapsed time spent in this place.
 B = Non-inter-level travel time spent in this place.
 C = Inter-level travel time spent in this place.
 D = Time resting spent in this place.
 E = Time spent auto-exploring this place.
 F = Levels seen in this place.
 G = Mean time per level.
                   A        B        C        D        E       F      G
               +--------+--------+--------+--------+--------+-----+--------+
         Total |   2823 |   2669 |    154 |    885 |   1212 |   3 |  941.0 |
       Dungeon |   2823 |   2669 |    154 |    885 |   1212 |   3 |  941.0 |
               +--------+--------+--------+--------+--------+-----+--------+

Top non-repeatable levels by time:
     D:2: 1597 daAuts
     D:1: 1120 daAuts
     D:3: 105 daAuts
